 Dungeon Crawl Stone Soup version 0.31-a0-845-g9abc20d24f (webtiles) character file.

Game seed: 8367591885190211609

32 Nedwor the Ducker (level 3, -1/30 HPs)
             Began as a Merfolk Gladiator on Oct 3, 2023.
             Slain by Terence
             ... wielding a +1 vampiric falchion
              (4 damage)
             ... on level 2 of the Dungeon.
             The game lasted 00:03:23 (1121 turns).

Nedwor the Ducker (Merfolk Gladiator)               Turns: 1121, Time: 00:03:24

Health: -1/30      AC:  6    Str: 13 (14) XL:     3   Next: 27%
Magic:  3/3        EV: 13    Int:  6 (7)  God:
Gold:   41         SH:  0    Dex: 16 (17) Spells: 2/2 levels left

rFire   . . .        a - +1 long sword
rCold   . . .        (no shield)
rNeg    . . .        b - +0 leather armour
rPois   .            c - +0 helmet
rElec   .            (no cloak)
rCorr   .            (no gloves)
SInv    .            (no boots)
Will    .....        (no amulet)
Stlth   +            (no ring)
HPRegen 0.25/turn    (no ring)
MPRegen 0.08/turn

%: no passive effects
@: hasted, very quick
A: (nimble swimmer 2), mertail, iridescent scales 1, robust 1, evolution 1
a: no special abilities


You were on level 2 of the Dungeon.
You visited 1 branch of the dungeon, and saw 2 of its levels.

You collected 41 gold pieces.

Inventory:

Hand Weapons
 a - a +1 long sword (weapon)
Missiles
 d - 3 throwing nets (quivered)
 e - a javelin
Armour
 b - a +0 leather armour (worn)
 c - a +0 helmet (worn)
Potions
 j - a potion of attraction {unknown}


   Skills:
 + Level 2.9 Fighting
 + Level 4.2 Long Blades
 - Level 2.0 Throwing
 + Level 4.6 Dodging


You had 2 spell levels left.
You didn't know any spells.
Your spell library was empty.

Dungeon Overview and Level Annotations

Branches:
Dungeon (2/15)

Altars:

Annotations:
D:2 Robin, Terence


Innate Abilities, Weirdness & Mutations

((You are very nimble when in or above water. (Stealth+, EV+, Speed+++)))
Your lower body shifts to a powerful aquatic tail in water.
You are partially covered in iridescent scales. (AC +2)
You are robust. (+10% HP)
You have hidden genetic potential.


Message History

You hit Terence but do no damage.
Terence is heavily wounded.
Terence hits you with a +1 vampiric falchion!
You hit Terence but do no damage.
Terence is heavily wounded.
Terence hits you with a +1 vampiric falchion!
You closely miss Terence.
Terence is heavily wounded.
Terence closely misses you.
Terence hits you with a +1 vampiric falchion.
Terence draws strength from your wounds!
You barely miss Terence.
Terence is moderately wounded.
Terence hits you with a +1 vampiric falchion.
Terence draws strength from your wounds!
You hit Terence.
Terence is heavily wounded.
Terence hits you with a +1 vampiric falchion!
* * * LOW HITPOINT WARNING * * *
Terence draws strength from your wounds!
Unknown command.
It was a potion of degeneration.
There was something very wrong with that liquid.
You feel weakened.
You feel dopey.
You feel clumsy.
Terence hits you with a +1 vampiric falchion.
* * * LOW HITPOINT WARNING * * *
It was a potion of haste.
You feel yourself speed up.
Terence hits you with a +1 vampiric falchion.
* * * LOW HITPOINT WARNING * * *
You hit Terence.
Terence is lightly wounded.
Terence closely misses you.
You hit Terence but do no damage. Terence closely misses you.
You barely miss Terence. You barely miss Terence. Terence barely misses you.
You hit Terence.
Terence is lightly wounded.
Terence looks scornfully at you.
Terence hits you with a +1 vampiric falchion.
You die...

...# #..# #.#######
#..# ........#
###..#
........###.#..##
#.........######
##@#.#...).......
#.####.@.##.#...####
#............†.....#
######...##.##..##.#
##.#.#.#.#.##.#
#.##...##..#.#
#.###.####.#.# #.#
#.# ##.#.# ......#
#....#
#.##..###..#####.#


You could see Terence.

Vanquished Creatures
  An adder (D:2)
  2 dart slugs (D:1)
  A ball python (D:1)
  An endoplasm (D:1)
  6 goblins
  4 hobgoblins
  A bat (D:1)
  2 frilled lizards
18 creatures vanquished.

Notes
Turn   | Place    | Note
-------+----------+-------------------------------------------
     0 | D:1      | Nedwor the Merfolk Gladiator began the quest for the Orb.
     0 | D:1      | Reached XP level 1. HP: 16/16 MP: 1/1
   242 | D:1      | Reached XP level 2. HP: 21/23 MP: 2/2
   311 | D:1      | Found a faded altar of an unknown god.
   814 | D:2      | Noticed Robin
   915 | D:1      | Gained mutation: Your magical capacity is low. (-10% MP)
                  | [potion of mutation]
   915 | D:1      | Gained mutation: You have very sharp teeth. [potion of
                  | mutation]
   915 | D:1      | Gained mutation: You are agile. (Dex +4, Str/Int -1)
                  | [potion of mutation]
   916 | D:1      | Lost mutation: You have very sharp teeth. [potion of
                  | mutation]
   916 | D:1      | Lost mutation: Your magical capacity is low. (-10% MP)
                  | [potion of mutation]
   916 | D:1      | Lost mutation: You are agile. (Dex +4, Str/Int -1) [potion
                  | of mutation]
   916 | D:1      | Gained mutation: You are robust. (+10% HP) [potion of
                  | mutation]
   916 | D:1      | Gained mutation: You are partially covered in iridescent
                  | scales. (AC +2) [potion of mutation]
   916 | D:1      | Gained mutation: You have hidden genetic potential. [potion
                  | of mutation]
  1047 | D:2      | Reached XP level 3. HP: 29/30 MP: 3/3
  1094 | D:2      | Noticed Terence
  1121 | D:2      | Slain by Terence

Illustrated notes

Levels and vault maps discovered:
D:1:      minmay_arrival_semitransparent, layout_loops_ring,
          shapermc_ecumenical_altar_flowoftime
D:2:      layout_loops_ring, serial_shops, shop, corner_web_ring, uniq_terence,
          uniq_robin

Skill      XL: |  1  2 |
---------------+-------+-----
Long Blades    | 4 |  4.2
Fighting       | |  2.9
Throwing       | |  2.0
Dodging        | |  4.6

Action                     || total
---------------------------++-------
  Melee: Long sword        ||    92
         Punch             ||     1
    Use: Scroll            ||     4
         Potion            ||     4
   Stab: Sleeping          ||     1
 Armour: Leather armour    ||    61
  Dodge: Dodged            ||    54

Table legend: (Time is in decaauts)
 A = Elapsed time spent in this place.
 B = Non-inter-level travel time spent in this place.
 C = Inter-level travel time spent in this place.
 D = Time resting spent in this place.
 E = Time spent auto-exploring this place.
 F = Levels seen in this place.
 G = Mean time per level.
                   A        B        C        D        E       F      G
               +--------+--------+--------+--------+--------+-----+--------+
         Total |   1143 |   1097 |     46 |    176 |    649 |   2 |  571.5 |
       Dungeon |   1143 |   1097 |     46 |    176 |    649 |   2 |  571.5 |
               +--------+--------+--------+--------+--------+-----+--------+

Top non-repeatable levels by time:
     D:1: 1011 daAuts
     D:2: 131 daAuts
